 Dungeon Crawl Stone Soup version 0.28-b1-25-g9875b3fc8c (webtiles) character file.

Game seed: 179711721302244710

140 lordive the Digger (level 5, 0/29 HPs)
             Began as a Gargoyle Earth Elementalist on Jan 31, 2022.
             Slain by a scorpion (8 damage)
             ... on level 4 of the Dungeon.
             The game lasted 00:03:36 (4102 turns).

lordive the Digger (Gargoyle Earth Elementalist)    Turns: 4102, Time: 00:03:37

Health: 0/29       AC:  6    Str: 11    XL:     5   Next: 22%
Magic:  3/8        EV: 12    Int: 18    God:
Gold:   117        SH:  0    Dex: 10    Spells: 4/8 levels left

rFire   . . .      SeeInvis .   k - +0 mace
rCold   . . .      Faith    .   (no shield)
rNeg    + . .      Spirit   .   b - +0 robe
rPois   ∞          Reflect  .   (no helmet)
rElec   +          Harm     .   (no cloak)
rCorr   .          Rampage  .   (no gloves)
Will    .....                   (no boots)
Stlth   ++........              (no amulet)
HPRegen 0.09/turn               (no ring)
MPRegen 0.11/turn               (no ring)

@: no status effects
A: sickness immunity, AC +4, negative energy resistance 1, electricity
resistance, torment resistance 1, petrification resistance
a: no special abilities


You were on level 4 of the Dungeon.
You visited 1 branch of the dungeon, and saw 4 of its levels.

You collected 117 gold pieces.

Inventory:

Hand Weapons
 k - a +0 mace (weapon)
Missiles
 c - 83 stones
Armour
 a - a +0 leather armour
 b - a +0 robe (worn)
Scrolls
 d - a scroll of blinking {unknown}
 e - a scroll of enchant weapon {unknown}
 g - 2 scrolls of teleportation {unknown}
 i - a scroll of enchant armour {unknown}
 l - a scroll of fog {unknown}
 m - 2 scrolls of fear {unknown}
 n - a scroll of holy word {unknown}
Potions
 f - a potion of degeneration {unknown}
 h - a potion of heal wounds {unknown}
 j - 2 potions of curing {unknown}
 o - 2 potions of might {unknown}


   Skills:
 + Level 1.1 Fighting
 + Level 1.3 Maces & Flails
 + Level 2.2 Dodging
 - Level 2.1 Stealth
 + Level 2.3 Spellcasting
 * Level 1.5 Conjurations
 + Level 0.7 Transmutations
 * Level 5.2 Earth Magic


You had 4 spell levels left.
You knew the following spells:

 Your Spells              Type           Power      Damage    Failure   Level
a - Sandblast             Erth           42%        2d11      1%          1
b - Stone Arrow           Conj/Erth      28%        3d8       13%         3

Your spell library contained the following spells:

 Spells                   Type           Power      Damage    Failure   Level
 Passwall                 Tmut/Erth      10%        N/A       8%          2
 Blink                    Tloc           4%         N/A       26%         2
 Mephitic Cloud           Conj/Pois/Air  3%         N/A       38%         3
 Ignite Poison            Fire/Tmut/Pois 2%         N/A       43%         3
 Petrify                  Tmut/Erth      12%        N/A       45%         4
 Lesser Beckoning         Tloc           2%         N/A       47%         3
 Freezing Cloud           Conj/Ice/Air   1%         6-21      98%         5
 Manifold Assault         Tloc           2%         N/A       99%         5


Dungeon Overview and Level Annotations

Branches:
Dungeon (4/15)
 Temple: D:4-7

Altars:
Dithmenos

Annotations:
D:2 1 runed translucent door, Crazy Yiuf
D:3 2 transporters, Ironcache's ghost, novice HuCA


Innate Abilities, Weirdness & Mutations

You are immune to sickness and miasma.
Your stone body is resilient. (AC +4)
You are immune to poison.
You resist negative energy. (rN+)
You are resistant to electric shocks. (rElec)
You are resistant to unholy torment.
You are immune to petrification.


Message History

Confirm with . or Enter, or press ? or * to list all spells.
Aiming: Sandblast (safe; 1% risk of failure)
Press: ? - help, Shift-Dir - straight line, f - scorpion
Aim: a scorpion (81% to hit)
The blast of sand hits the scorpion!
The scorpion is heavily wounded.
The scorpion stings you! The scorpion stings you.
Unknown command.
Casting: Sandblast (safe; 1% risk of failure)
Confirm with . or Enter, or press ? or * to list all spells.
Aiming: Sandblast (safe; 1% risk of failure)
Press: ? - help, Shift-Dir - straight line, f/p - scorpion
Aim: a scorpion (heavily wounded, 81% to hit)
The blast of sand misses the scorpion.
The scorpion stings you.
Unknown command.
Casting: Sandblast (safe; 1% risk of failure)
Confirm with . or Enter, or press ? or * to list all spells.
Aiming: Sandblast (safe; 1% risk of failure)
Press: ? - help, Shift-Dir - straight line, f/p - scorpion
Aim: a scorpion (heavily wounded, 81% to hit)
The blast of sand misses the scorpion.
The scorpion stings you.
Unknown command.
Casting: Sandblast (safe; 1% risk of failure)
Confirm with . or Enter, or press ? or * to list all spells.
Aiming: Sandblast (safe; 1% risk of failure)
Press: ? - help, Shift-Dir - straight line, f/p - scorpion
Aim: a scorpion (moderately wounded, 81% to hit)
The blast of sand hits the scorpion but does no damage.
The scorpion is moderately wounded.
The scorpion stings you!
* * * LOW HITPOINT WARNING * * *
Casting: Sandblast (safe; 1% risk of failure)
Confirm with . or Enter, or press ? or * to list all spells.
Aiming: Sandblast (safe; 1% risk of failure)
Press: ? - help, Shift-Dir - straight line, f/p - scorpion
Aim: a scorpion (moderately wounded, 81% to hit)
The blast of sand hits the scorpion!
The scorpion is severely wounded.
The scorpion stings you!
You die...

....## .....### ##
.......# #.. .......##
##.. ........## ##..#
.........# ###...#####
.........# ###....>.....
.........###............
........###.....@s......
........#........<......
.......#................
.........##.............
........##.............#
#.....####........(....#
.##..## #............##
.##..# .............#
.#...# #####.......


You could see a scorpion.

Vanquished Creatures
  3 gnolls (D:3)
  5 adders
  2 worms (D:3)
  A dart slug (D:2)
  An orc (D:3)
  6 bats
  4 endoplasms
  2 giant cockroaches (D:1)
  2 goblins
  5 hobgoblins
  5 jackals
  A quokka (D:2)
  8 ball pythons
  3 frilled lizards
  6 kobolds
  3 rats
57 creatures vanquished.

Vanquished Creatures (others)
  A fungus (D:3)
1 creature vanquished.

Grand Total: 58 creatures vanquished

Notes
Turn   | Place    | Note
-------+----------+-------------------------------------------
     0 | D:1      | lordive the Gargoyle Earth Elementalist began the quest for
                  | the Orb.
     0 | D:1      | Reached XP level 1. HP: 10/10 MP: 3/3
   148 | D:1      | Reached skill level 4 in Earth Magic
   269 | D:1      | Reached XP level 2. HP: 15/15 MP: 5/5
  1012 | D:1      | Reached XP level 3. HP: 11/19 MP: 6/6
  1016 | D:1      | Learned a level 3 spell: Stone Arrow
  2109 | D:2      | Reached skill level 1 in Conjurations
  2109 | D:2      | Reached XP level 4. HP: 24/24 MP: 3/7
  2430 | D:2      | Found a runed translucent door.
  2431 | D:2      | Noticed Crazy Yiuf
  2874 | D:3      | Found a shadowy altar of Dithmenos.
  3004 | D:3      | Reached skill level 1 in Maces & Flails
  3177 | D:3      | Reached skill level 5 in Earth Magic
  3431 | D:3      | Found a faded altar of an unknown god.
  3512 | D:3      | Reached skill level 1 in Fighting
  3512 | D:3      | Reached XP level 5. HP: 29/29 MP: 0/8
  3664 | D:3      | Found a transporter.
  3667 | D:3      | Found a transporter.
  3667 | D:3      | Noticed Ironcache's ghost (novice HuCA)
  4102 | D:4      | Slain by a scorpion

Illustrated notes

Levels and vault maps discovered:
D:1:      pf_arrival_petrified_forest, layout_rooms, grunt_decor_resistance,
          minmay_pentomino_q2
D:2:      layout_basic, uniq_crazy_yiuf_cottage
D:3:      layout_loops_ring, mainiacjoe_overflow_paths,
          shapermc_ecumenical_altar_acropolis, gammafunk_ghost_mausoleum
D:4:      layout_cave_pods, minmay_temple_entry_sparse_star

Skill      XL: |  1  2  3  4 |
---------------+-------------+-----
Earth Magic    | 4 5 |  5.2
Dodging        | 2 |  2.2
Conjurations   | 1 |  1.5
Maces & Flails | 1 |  1.3
Fighting       | 1 |  1.1
Stealth        | |  2.1
Spellcasting   | |  2.3
Transmutations | |  0.7

Action                   |  1- 3 |  4- 6 || total
-------------------------+-------+-------++-------
Melee: Club              |    98 |     3 ||   101
       Mace              |       |    59 ||    59
 Cast: Sandblast         |    23 |    22 ||    45
 Stab: Sleeping          |     3 |     3 ||     6
Armor: Robe              |    47 |    44 ||    91
Dodge: Dodged            |    92 |    59 ||   151
